 Dungeon Crawl Stone Soup version 0.21-a0-329-g12f17e1 (webtiles) character file.

119 tidbits the Charmwright (level 5, 0/43 HPs)
             Began as a Gnoll Skald on Oct 1, 2017.
             Slain by a killer bee (4 damage)
             ... on level 3 of the Dungeon.
             The game lasted 00:05:24 (971 turns).

tidbits the Charmwright (Gnoll Skald)                Turns: 971, Time: 00:05:24

Health: 0/43       AC:  4    Str: 13    XL:     5   Next: 3%
Magic:  4/12       EV: 14    Int: 22    God:
Gold:   162        SH:  0    Dex: 14    Spells: 3/14 levels left

rFire    . . .     SeeInvis .   h - +2 rapier (holy)
rCold    . . .     Gourm    .   (no shield)
rNeg     . . .     Faith    .   B - +0 robe {MR+}
rPois    .         Spirit   .   (no helmet)
rElec    .         Reflect  .   (no cloak)
rCorr    .         Harm     .   (no gloves)
MR       +....                  (no boots)
Stlth    ++........             (no amulet)
HPRegen  0.14/turn              (no ring)
MPRegen  0.13/turn              (no ring)

@: brilliant, lethally poisoned (0 -> -13), infused, hasted, very quick
A: distributed training, fangs 1, molten scales 1, blurry vision 1, strong nose
a: no special abilities


You were on level 3 of the Dungeon.
You were hungry.

You visited 1 branch of the dungeon, and saw 3 of its levels.

You collected 162 gold pieces.

Inventory:

Hand Weapons
 a - a +0 falchion
 b - a +0 blowgun
 f - a +0 dagger
 h - a +2 rapier of holy wrath (weapon)
   (You found it on level 3 of the Dungeon)
Missiles
 m - 4 tomahawks (quivered)
 o - 33 stones
 s - 7 arrows
Armour
 B - a +0 robe of magic resistance (worn)
   (You took it off Jessica on level 2 of the Dungeon)
Scrolls
 j - a scroll of enchant armour {unknown}
 p - a scroll of identify {unknown}
 q - a scroll of recharging {unknown}
 r - 3 scrolls of remove curse
Potions
 l - a potion of agility {unknown}
 n - a potion of resistance {unknown}
 t - 2 potions of haste
 v - a potion of ambrosia {unknown}
Books
 c - a book of Battle

   Spells                             Type                      Level
   a - Infusion                       Charms                       1
   b - Shroud of Golubria             Charms/Translocation         2
   c - Song of Slaying                Charms                       2
   d - Spectral Weapon                Hexes/Charms                 3
   e - Regeneration                   Charms/Necromancy            3
Comestibles
 d - 2 bread rations
 g - a meat ration
 i - 2 royal jellies
 u - 3 fruits


   Skills:
 + Level 4.7 Fighting
 + Level 1.3 Short Blades
 + Level 4.7 Long Blades
 + Level 1.3 Axes
 + Level 1.3 Maces & Flails
 + Level 1.3 Polearms
 + Level 1.3 Staves
 + Level 1.3 Slings
 + Level 1.3 Bows
 + Level 1.3 Crossbows
 + Level 1.3 Throwing
 + Level 2.8 Armour
 + Level 4.7 Dodging
 + Level 1.3 Stealth
   Level 0.0 Stabbing
 + Level 1.3 Shields
   Level 0.0 Traps
 + Level 1.3 Unarmed Combat
 + Level 5.1 Spellcasting
 + Level 1.3 Conjurations
 + Level 1.3 Hexes
 + Level 6.6 Charms
 + Level 1.3 Summonings
 + Level 1.3 Necromancy
 + Level 1.3 Translocations
 + Level 1.3 Transmutations
 + Level 1.3 Fire Magic
 + Level 1.3 Ice Magic
 + Level 1.3 Air Magic
 + Level 1.3 Earth Magic
 + Level 1.3 Poison Magic
 + Level 1.3 Invocations
 + Level 1.3 Evocations


You had 3 spell levels left.
You knew the following spells:

 Your Spells              Type           Power        Failure   Level  Hunger
g - Shroud of Golubria    Chrm/Tloc      #####.....   1%          2    None
i - Infusion              Chrm           ####         1%          1    None
r - Regeneration          Chrm/Necr      #####.....   1%          3    ##.....
s - Song of Slaying       Chrm           #####...     1%          2    None
w - Spectral Weapon       Hex/Chrm       #####...     1%          3    ##.....


Dungeon Overview and Level Annotations

Branches:
Dungeon (3/15)

Altars:
Ashenzari
Gozag
Hepliaklqana
Kikubaaqudgha
Sif Muna
Uskayaw


Innate Abilities, Weirdness & Mutations

Your experience applies equally to all skills.
You have very sharp teeth.
Your uncanny sense of smell can sniff out nearby items.
You are partially covered in molten scales. (AC +2)
Scrolls take you a little longer to read.


Message History

Found a deep blue altar of Sif Muna.
You are feeling hungry.
Found an escape hatch in the floor.
Found a scroll labeled IRATWU PONTE.
n - 4 scrolls labeled IRATWU PONTE (gained 1)
Okay, then.
As you read the scroll labeled IRATWU PONTE, it crumbles to dust.
You feel blessed for a moment.
It was a scroll of remove curse.
Adjust (i)tems, (s)pells, or (a)bilities?
Adjust which item? (? for menu, Esc to quit)
n - 3 scrolls of remove curse Adjust to which letter? (? for menu, Esc to quit)
r - 3 scrolls of remove curse;
n - a fizzy brown potion A goblin comes into view.
It is wielding an enchanted dagger.
Found a stone staircase leading down.
The goblin shouts!
You hit the goblin.
You kill the goblin!
You see here an enchanted dagger.
There is a stone staircase leading down here.
A kobold comes into view. It is wielding a short sword.
The helpless kobold fails to defend itself.
You puncture the kobold!
You kill the kobold!
Things that are here:
a short sword; 5 stones A killer bee comes into view.
A killer bee comes into view.
A rat and a killer bee come into view.
The killer bee buzzes angrily. x3
Found 8 stones.
A killer bee comes into view.
Casting: Spectral Weapon
Confirm with . or Enter, or press ? or * to list all spells.
Space distorts slightly along a thin shroud covering your body.
The killer bee buzzes angrily. 2 killer bees come into view.
You aren't carrying any items that you can evoke.
Unknown command.
It was a potion of haste.
You feel yourself speed up. The killer bee closely misses you.
The killer bee moves out of view.
The killer bee barely misses you.
Casting: Shroud of Golubria
Confirm with . or Enter, or press ? or * to list all spells.
You begin infusing your attacks with magical energy.
The killer bee stings you.
Your shroud falls apart!
The rat twitches its whiskers.
You barely miss the killer bee. The killer bee misses you.
You closely miss the killer bee.
The killer bee buzzes angrily.
You puncture the killer bee!
The killer bee is heavily wounded.
The killer bee stings you.
You are poisoned.
The killer bee poisons you!
You barely miss the killer bee.
The killer bee is heavily wounded.
You feel sick. The killer bee closely misses you.
The killer bee barely misses you.
You hit the killer bee.
The killer bee is almost dead.
The killer bee closely misses you. The killer bee stings you.
You hit the killer bee.
You kill the killer bee!
You have reached level 5!
The killer bee stings you.
You miss the killer bee.
You feel sick. The killer bee misses you.
You closely miss the killer bee. The killer bee closely misses you.
The killer bee stings you.
* * * LOW HITPOINT WARNING * * *
You barely miss the killer bee. The killer bee barely misses you.
The killer bee misses you.
You hit the killer bee!
The killer bee is heavily wounded.
The killer bee stings you.
* * * LOW HITPOINT WARNING * * *
You hit the killer bee.
The killer bee is almost dead.
You feel sick. The killer bee stings you.
* * * LOW HITPOINT WARNING * * *
You closely miss the killer bee. Your bite misses the killer bee.
The killer bee is almost dead.
The killer bee stings you.
* * * LOW HITPOINT WARNING * * *
You are more poisoned.
The killer bee poisons you! The killer bee stings you.
* * * LOW HITPOINT WARNING * * *
You are more poisoned.
The killer bee poisons you!
It was a potion of brilliance.
You feel clever all of a sudden.
* * * LOW HITPOINT WARNING * * *
You feel sick. The killer bee misses you.
It was a potion of mutation.
You feel extremely strange.
Your vision blurs.
Molten scales grow over part of your body.
* * * LOW HITPOINT WARNING * * *
You feel sick. The killer bee closely misses you. The killer bee stings you.
You die...

########### #..##.
..........### .....
..........'_# #..##
..........# ##...##
##############.....#
# #...#..........# #
#........#)##.## #
##...###.#.###.# #
#..>## ##.## #@# #
#...# ### #y# #
#...#


yyy # ##.### (yr.. # #)#.## ....... ####....### ......... ...........'.........+
#..>......##.........# #.##.#.##.# You could see 5 killer bees and a rat.

Vanquished Creatures
  A killer bee (D:3)
  Jessica (D:2)
  An adder (D:2)
  A dart slug (D:1)
  A leopard gecko (D:1)
  An orc (D:3)
  4 bats
  2 bat zombies (D:3)
  3 giant cockroaches
  5 goblins
  3 hobgoblins (D:2)
  6 kobolds
  2 frilled lizards (D:2)
  5 rats
  A rat zombie (D:3)
37 creatures vanquished.

Notes
Turn   | Place    | Note
-------+----------+-------------------------------------------
     0 | D:1      | tidbits the Gnoll Skald began the quest for the Orb.
     0 | D:1      | Reached XP level 1. HP: 20/20 MP: 6/6
   170 | D:1      | Reached XP level 2. HP: 26/26 MP: 3/7
   197 | D:1      | Learned a level 2 spell: Song of Slaying
   200 | D:1      | Learned a level 2 spell: Shroud of Golubria
   402 | D:2      | Found an opulent altar of Gozag.
   470 | D:2      | Reached XP level 3. HP: 29/31 MP: 6/9
   477 | D:2      | Learned a level 3 spell: Regeneration
   481 | D:2      | Learned a level 3 spell: Spectral Weapon
   509 | D:2      | Found a shattered altar of Ashenzari.
   512 | D:2      | Reached skill level 5 in Spellcasting
   582 | D:2      | Found a hide-covered altar of Uskayaw.
   599 | D:2      | Found a hazy altar of Hepliaklqana.
   611 | D:2      | Noticed Jessica
   620 | D:2      | Killed Jessica
   620 | D:2      | Reached skill level 1 in Short Blades
   620 | D:2      | Reached skill level 1 in Axes
   620 | D:2      | Reached skill level 1 in Maces & Flails
   620 | D:2      | Reached skill level 1 in Polearms
   620 | D:2      | Reached skill level 1 in Staves
   620 | D:2      | Reached skill level 1 in Slings
   620 | D:2      | Reached skill level 1 in Bows
   620 | D:2      | Reached skill level 1 in Crossbows
   620 | D:2      | Reached skill level 1 in Throwing
   620 | D:2      | Reached skill level 1 in Stealth
   620 | D:2      | Reached skill level 1 in Shields
   620 | D:2      | Reached skill level 1 in Unarmed Combat
   620 | D:2      | Reached skill level 1 in Conjurations
   620 | D:2      | Reached skill level 1 in Hexes
   620 | D:2      | Reached skill level 1 in Summonings
   620 | D:2      | Reached skill level 1 in Necromancy
   620 | D:2      | Reached skill level 1 in Translocations
   620 | D:2      | Reached skill level 1 in Transmutations
   620 | D:2      | Reached skill level 1 in Fire Magic
   620 | D:2      | Reached skill level 1 in Ice Magic
   620 | D:2      | Reached skill level 1 in Air Magic
   620 | D:2      | Reached skill level 1 in Earth Magic
   620 | D:2      | Reached skill level 1 in Poison Magic
   620 | D:2      | Reached skill level 1 in Invocations
   620 | D:2      | Reached skill level 1 in Evocations
   620 | D:2      | Reached XP level 4. HP: 16/38 MP: 3/11
   820 | D:3      | Found an ancient bone altar of Kikubaaqudgha.
   889 | D:3      | Found a deep blue altar of Sif Muna.
   963 | D:3      | Reached XP level 5. HP: 26/43 MP: 5/12
   971 | D:3      | Gained mutation: Scrolls take you a little longer to read. [potion of mutation]
   971 | D:3      | Gained mutation: You are partially covered in molten scales. (AC +2) [potion of mutation]
   971 | D:3      | HP: 4/43 [poisoned by a killer bee]
   971 | D:3      | Slain by a killer bee

Vault maps used:
D:1:      eino_arrival_cavern_e
D:2:      overflow_temple_1_default, eat_drink_and_be_merry_uskayaw,
          nicolae_overflow_crystal_walls, lemuel_round_altar, first_bread,
          grunt_gozag_breadcrumbs, uniq_jessica
D:3:      lemuel_zombie_altar_kikubaaqudgha, lemuel_blue_sif_altar,
          serial_glass, glass_columns_a, glass_columns_b, uniq_terence

Skill      XL: |  1  2  3 |
---------------+----------+-----
Spellcasting   | 5 |  5.1
Short Blades   | 1 |  1.3
Axes           | 1 |  1.3
Maces & Flails | 1 |  1.3
Polearms       | 1 |  1.3
Staves         | 1 |  1.3
Slings         | 1 |  1.3
Bows           | 1 |  1.3
Crossbows      | 1 |  1.3
Throwing       | 1 |  1.3
Stealth        | 1 |  1.3
Shields        | 1 |  1.3
Unarmed Combat | 1 |  1.3
Conjurations   | 1 |  1.3
Hexes          | 1 |  1.3
Summonings     | 1 |  1.3
Necromancy     | 1 |  1.3
Translocations | 1 |  1.3
Transmutations | 1 |  1.3
Fire Magic     | 1 |  1.3
Ice Magic      | 1 |  1.3
Air Magic      | 1 |  1.3
Earth Magic    | 1 |  1.3
Poison Magic   | 1 |  1.3
Invocations    | 1 |  1.3
Evocations     | 1 |  1.3
Fighting       | |  4.7
Long Blades    | |  4.7
Armour         | |  2.8
Dodging        | |  4.7
Charms         | |  6.6

Action                   |  1- 3 |  4- 6 || total
-------------------------+-------+-------++-------
Melee: Falchion          |    45 |       ||    45
       Rapier            |    22 |    24 ||    46
       Bite              |     3 |     1 ||     4
 Cast: Infusion          |     5 |     1 ||     6
       Shroud of Golubri |     1 |     1 ||     2
       Spectral Weapon   |     2 |     1 ||     3
       Regeneration      |       |     1 ||     1
  Use: Potion            |       |     3 ||     3
       Scroll            |       |     1 ||     1
 Stab: Sleeping          |     1 |     1 ||     2
Armor: Leather armour    |    18 |       ||    18
       Robe              |       |     4 ||     4
Dodge: Dodged            |    62 |    26 ||    88
       Rpst.: Falchion   |    14 |       ||    14

Table legend:
 A = Spawn XP
 B = Non-spawn XP
 C = Spawn XP percentage of total XP
 D = Spawn monster count
 E = Non-spawn monster count
 F = Spawn count percentage of total count
 G = Total turns spent on level
                    A         B        C        D         E        F      G
               +---------+---------+-------+---------+---------+-------+---------
         Total |       0 |     171 |   0.0 |       0 |      37 |   0.0 |   971
               +---------+---------+-------+---------+---------+-------+---------
           D:1 |       0 |      31 |   0.0 |       0 |      18 |   0.0 |   349
           D:2 |       0 |      63 |   0.0 |       0 |      10 |   0.0 |   270
           D:3 |       0 |      77 |   0.0 |       0 |       9 |   0.0 |   352
               +---------+---------+-------+---------+---------+-------+---------

Table legend:
 A = Turns spent in this place as a percentage of turns spent in the entire game.
 B = Non-inter-level travel turns spent in this place as a percentage of non-inter-level travel turns spent in the entire game.
 C = Inter-level travel turns spent in this place as a percentage of turns spent in this place.
 D = Turns resting spent in this place as a percentage of non-inter-level travel turns spent in this place.
 E = Turns spent auto-exploring this place as a percentage of non-inter-level travel turns spent in this place.
 F = Non-inter-level travel turns spent in this place divided by the number of levels of this place that you've seen.
                   A       B       C       D       E      F
               +-------+-------+-------+-------+-------+----------------------
         Total | 100.0 | 100.0 |   6.2 |   0.0 |   0.0 | 303.7
       Dungeon | 100.0 | 100.0 |   6.2 |   0.0 |   0.0 | 303.7
               +-------+-------+-------+-------+-------+----------------------

Table legend:
 A = Kills in this place as a percentage of kills in entire the game.
 B = Kills by you in this place as a percentage of kills by you in the entire game.
 C = Kills by friends in this place as a percentage of kills by friends in the entire game.
 D = Other kills in this place as a percentage of other kills in the entire game.
 E = Experience gained in this place as a percentage of experience gained in the entire game.
 F = Experience gained in this place divided by the number of levels of this place that you have seen.
                   A       B       C       D       E      F
               +-------+-------+-------+-------+-------+----------------------
         Total | 100.0 | 100.0 |   N/A |   N/A | 100.0 |  57.0
       Dungeon | 100.0 | 100.0 |   N/A |   N/A | 100.0 |  57.0
               +-------+-------+-------+-------+-------+----------------------

Vault maps used:
D:1:      eino_arrival_cavern_e
D:2:      overflow_temple_1_default, eat_drink_and_be_merry_uskayaw,
          nicolae_overflow_crystal_walls, lemuel_round_altar, first_bread,
          grunt_gozag_breadcrumbs, uniq_jessica
D:3:      lemuel_zombie_altar_kikubaaqudgha, lemuel_blue_sif_altar,
          serial_glass, glass_columns_a, glass_columns_b, uniq_terence
